 Dungeon Crawl Stone Soup version 0.28-a0-595-g9f6c0e134a (webtiles) character file.

Game seed: 9917343715397766849

441 robertstho the Magician (level 7, -2/49 HPs)
             Began as a Djinni Fire Elementalist on Oct 4, 2021.
             Slain by a yak (13 damage)
             ... on level 5 of the Dungeon.
             The game lasted 00:04:30 (5611 turns).

robertstho the Magician (Djinni Fire Elementalist)  Turns: 5611, Time: 00:04:30

Health: -2/49      AC:  6    Str:  7    XL:     7   Next: 22%
Gold:   180        EV: 12    Int: 24    God:
                   SH:  0    Dex: 14

rFire   + + .      SeeInvis .   o - +1 short sword (venom)
rCold   x . .      Faith    .   (no shield)
rNeg    . . .      Spirit   .   a - +0 robe
rPois   ∞          Reflect  .   (no helmet)
rElec   .          Harm     .   s - +2 cloak
rCorr   .          Rampage  .   b - +0 pair of gloves
Will    .....                   (boots unavailable)
Stlth   ++........              (no amulet)
HPRegen 0.16/turn               k - +6 ring of intelligence
MPRegen 0.00/turn               (no ring)

@: flying
A: sickness immunity, fire resistance 2, cold vulnerability 1, float, innate
caster, hp casting, extra vitality 1
a: no special abilities


You were on level 5 of the Dungeon.
You visited 1 branch of the dungeon, and saw 5 of its levels.

You collected 180 gold pieces.

Inventory:

Hand Weapons
 h - a +0 short sword
 o - a +1 short sword of venom (weapon)
 y - the +7 whip of Pabbihiu {flame, Stlth+}
   (You found it on level 5 of the Dungeon)

   It burns those it strikes, dealing additional fire damage.
   Stlth:     It makes you more stealthy.
Armour
 a - a +0 robe (worn)
 b - a +0 pair of gloves (worn)
 s - a +2 cloak (worn)
Jewellery
 k - a +6 ring of intelligence (left hand)
 u - a ring of wizardry
 x - a ring of see invisible
Wands
 j - a wand of digging (7)
Scrolls
 e - a scroll of fear {unknown}
 f - 2 scrolls of holy word
 g - 3 scrolls of brand weapon {unknown}
 m - a scroll of magic mapping {unknown}
 n - 2 scrolls of enchant weapon {unknown}
 p - a scroll of torment {unknown}
 r - a scroll of silence {unknown}
 v - a scroll of amnesia {unknown}
 w - a scroll of identify {unknown}
Potions
 c - 2 potions of might {unknown}
 d - 2 potions of heal wounds {unknown}
 i - a potion of brilliance {unknown}
 l - a potion of resistance {unknown}
 q - 2 potions of berserk rage {unknown}
 t - a potion of haste {unknown}


   Skills:
 * Level 2.5 Fighting
 + Level 2.3 Dodging
 + Level 2.0 Stealth
 * Level 5.3 Spellcasting


You couldn't memorise any spells.
You knew the following spells:

 Your Spells              Type           Power      Damage    Failure   Level
a - Foxfire               Conj/Fire      100%       2x1d9     1%          1
b - Scorch                Fire           64%        2d8       1%          2
c - Conjure Flame         Conj/Fire      32%        6-21      2%          3
d - Inner Flame           Hex/Fire       32%        N/A       2%          3
e - Flame Wave            Conj/Fire      32%        3d7       10%         4
f - Sting                 Tmut/Pois      100%       1d8       1%          1
g - Blink                 Tloc           N/A        N/A       1%          2
h - Dazzling Flash        Conj/Hex       64%        N/A       2%          3
Your spell library was empty.

Dungeon Overview and Level Annotations

Branches:
Dungeon (5/15)
 Temple: D:4-7

Altars:
Sif Muna
Trog
Zin


Innate Abilities, Weirdness & Mutations

You are immune to sickness and miasma.
You are immune to poison.
Your flesh is very heat resistant. (rF++)
You are vulnerable to cold. (rC-)
You float through the air rather than walking.
You learn spells naturally, not from books.
Your magical power is your life essence.
You have superior vitality. (+4 HP)


Message History

You finish channelling waves of flame.
The yak misses you.
Unknown command.
Unknown command.
Casting: Flame Wave (quite dangerous; 10% risk of failure)
Confirm with . or Enter, or press ? or * to list all spells.
The spell is quite dangerous to cast (10% risk of failure)!
Continue anyway?
Casting: Flame Wave (quite dangerous; 10% risk of failure)
Press: ? - help, Dir - look around, f - activate A wave of flame ripples out!
The flame wave engulfs the yak!
The yak is moderately wounded.
The flame wave engulfs the yak.
The yak is heavily wounded. (Press . to intensify the flame waves.)
The yak gores you but does no damage.
A wave of flame ripples out!
The flame wave engulfs the yak!
The yak is severely wounded.
The flame wave engulfs the yak!
The yak is severely wounded.
The flame wave engulfs the yak!
The yak is severely wounded.
The yak gores you! The yak misses you. The yak gores you!
* * * LOW HITPOINT WARNING * * *
A wave of flame ripples out!
The flame wave engulfs the yak!
The yak is severely wounded.
The flame wave engulfs the yak!
The yak is almost dead.
The flame wave engulfs the yak!
The yak is almost dead.
The flame wave engulfs the yak!
The yak is lightly wounded.
* * * LOW HITPOINT WARNING * * *
You finish channelling waves of flame.
The yak barely misses you. The yak closely misses you.
The yak completely misses you.
Unknown command.
As you read the scroll labelled QOLUECH OHUUTO, it crumbles to dust.
You speak a Word of immense power!
It was a scroll of holy word.
The yak gores you but does no damage. The yak gores you.
* * * LOW HITPOINT WARNING * * *
The yak gores you!
You die...

######..###.#..>....#.
##...##.##
#.#####.....
##.....#.#
#.##.....###
.#........#
#....###.###
#.........## ...#
#..... ###.......#
.#.# #..... #......##
. .# #..... #.......#
###.## #.>...Y@# #.##
#..†..YY# ####...
........Y. #.§....
###.<...... #.§§####.
...###.##.. Y.v# #.
.## #.# #.. #. #. ..
... #. .. ..# #. #.


You could see 4 yaks.

Vanquished Creatures
  A yak (D:5)
  A water moccasin skeleton (D:4)
  A jelly (D:5)
  A bullfrog skeleton (D:4)
  2 iguanas (D:5)
  A howler monkey skeleton (D:4)
  2 adders
  A white imp (D:5)
  An ufetubus (D:3)
  A worm (D:2)
  9 dart slugs
  5 orcs (D:3)
  4 ball pythons
  3 endoplasms
  A giant cockroach (D:1)
  A goblin (D:4)
  5 hobgoblins
  4 jackals (D:4)
  5 kobolds
  3 quokkas
  6 bats
  4 frilled lizards
  3 rats
65 creatures vanquished.

Vanquished Creatures (others)
  305 foxfires
305 creatures vanquished.

Grand Total: 370 creatures vanquished

Notes
Turn   | Place    | Note
-------+----------+-------------------------------------------
     0 | D:1      | robertstho the Djinni Fire Elementalist began the quest for
                  | the Orb.
     0 | D:1      | Reached XP level 1. HP: 15/15 MP: 0/0
   388 | D:1      | Found a faded altar of an unknown god.
   766 | D:1      | Reached XP level 2. HP: 18/22 MP: 0/0
  1621 | D:2      | Reached skill level 3 in Spellcasting
  1621 | D:2      | Reached XP level 3. HP: 20/26 MP: 0/0
  1621 | D:2      | Learned a level 1 spell: Sting
  1966 | D:2      | Reached skill level 1 in Fighting
  3048 | D:3      | Reached XP level 4. HP: 27/32 MP: 0/0
  3319 | D:3      | Found a glowing silver altar of Zin.
  4426 | D:4      | Reached skill level 4 in Spellcasting
  4426 | D:4      | Reached XP level 5. HP: 30/37 MP: 0/0
  4426 | D:4      | Learned a level 2 spell: Blink
  4644 | D:4      | Found a bloodstained altar of Trog.
  5039 | D:4      | Reached XP level 6. HP: 39/43 MP: 0/0
  5244 | D:5      | Entered Level 5 of the Dungeon
  5325 | D:5      | Noticed a yak
  5327 | D:5      | Identified the +7 whip of Pabbihiu {flame, Stlth+}
  5599 | D:5      | Noticed a yak
  5600 | D:5      | Noticed a yak
  5601 | D:5      | Noticed a yak
  5602 | D:5      | Noticed a yak
  5605 | D:5      | Killed a yak
  5606 | D:5      | Reached skill level 5 in Spellcasting
  5606 | D:5      | Reached XP level 7. HP: 40/49 MP: 0/0
  5606 | D:5      | Learned a level 3 spell: Dazzling Flash
  5611 | D:5      | Slain by a yak

Illustrated notes

Levels and vault maps discovered:
D:1:      zelgadis_glass_arrival_small, layout_loops_ring,
          hellmonk_ecumenical_altar_slurped_away
D:2:      layout_basic
D:3:      layout_basic, general_overflow_altar, mainiacjoe_overflow_brackets,
          nrook_uturn
D:4:      layout_loops_ring, nicolae_overflow_crystal_walls,
          chequers_serial_rivers_large_a
D:5:      layout_rooms, marbit_many_paths, minmay_temple_entry_slanted

Skill      XL: |  1  2  3  4  5  6 |
---------------+-------------------+-----
Spellcasting   | 3 4 5 |  5.3
Fighting       | 1 2 |  2.5
Stealth        | 2 |  2.0
Dodging        | |  2.3

Action                   |  1- 3 |  4- 6 |  7- 9 || total
-------------------------+-------+-------+-------++-------
Melee: Unarmed           |     7 |       |       ||     7
 Cast: Foxfire           |    85 |   110 |       ||   195
       Scorch            |       |     3 |       ||     3
       Flame Wave        |       |     1 |     1 ||     2
  Use: Scroll            |       |       |     1 ||     1
Armor: Robe              |     9 |     1 |     2 ||    12
Dodge: Dodged            |    25 |     8 |     5 ||    38

Table legend: (Time is in decaauts)
 A = Elapsed time spent in this place.
 B = Non-inter-level travel time spent in this place.
 C = Inter-level travel time spent in this place.
 D = Time resting spent in this place.
 E = Time spent auto-exploring this place.
 F = Levels seen in this place.
 G = Mean time per level.
                   A        B        C        D        E       F      G
               +--------+--------+--------+--------+--------+-----+--------+
         Total |   5608 |   5460 |    148 |      0 |   4929 |   5 | 1121.6 |
       Dungeon |   5608 |   5460 |    148 |      0 |   4929 |   5 | 1121.6 |
               +--------+--------+--------+--------+--------+-----+--------+

Top non-repeatable levels by time:
     D:1: 1574 daAuts
     D:2: 1466 daAuts
     D:3: 1317 daAuts
     D:4: 882 daAuts
     D:5: 366 daAuts
